[Event "*** Titled Tuesday Blitz"]
[Site "Chess.com"]
[Date "2021.03.02"]
[Round "5"]
[White "verdest"]
[Black "AlexPapasimakopoulos"]
[Result "1-0"]
[WhiteElo "2485"]
[BlackElo "2588"]
[TimeControl "180+1"]
[EndTime "10:54:32 PST"]
[Termination "verdest won by resignation"]

1. d4 f5 2. Nf3 Nf6 3. g3 g6 4.
Bg2 Bg7 5. O-O O-O 6. c4 d6 7.
Nc3 e6 8. b3 a5 9. Bb2 Nc6 10. Qc2 Bd7 11. d5 Nb4 12. Qd2 e5 13. Ng5 Qe7 14. Rfd1 Rad8 15. Nb5 h6 16. Ne6 Bxe6 17.
dxe6 e4 18. a3 Nc6 19. b4 axb4 20. axb4 Rc8 21. Rac1 Qxe6 22. c5 d5 23. Bxf6 Qxf6 24. Qxd5+ Kh7 25. Qb3 h5 26. Rd7 Qe5 27. Rcd1 h4 28.
gxh4 Kh8 29. h5 gxh5 30. Qh3 f4 31. R7d5 Qe7 32. Rxh5+ Kg8 33. Rd7 f3 34. Rxe7 Nxe7 35. exf3 exf3 36. Bxf3 c6 37. Qe6+ 1-0

[Event "*** Titled Tuesday Blitz"]
[Site "Chess.com"]
[Date "2021.03.02"]
[Round "5"]
[White "cstevens1"]
[Black "Bigfish1995"]
[Result "0-1"]
[WhiteElo "2627"]
[BlackElo "3124"]
[TimeControl "180+1"]
[EndTime "10:54:33 PST"]
[Termination "Bigfish1995 won by resignation"]

1. e4 c5 2. Nf3 d6 3. d4 cxd4 4. Nxd4 Nf6 5. f3 e5 6. Nb3 a5 7. a4 Be6 8. c4 Nbd7 9. Be3 Rc8 10. Na3 Be7 11. Qd2 b6 12. Be2 d5 13. cxd5 Bb4 14.
dxe6 Bxd2+ 15. Nxd2 fxe6 16. Ndc4 O-O 17. Nb5 Qe7 18.
O-O Rc6 19. Rfd1 Rfc8 20. b3 Rb8 21. Rd2 h6 22. Rad1 Kh7 23. g3 Rf8 24. Kg2 Rb8 25. Kg1 Rcc8 26. Rd6 Rf8 27. Kg2 Rbc8 28. R1d2 Nc5 29. Nxb6 Nxb3 30. Nxc8 Rxc8 31. Rb2 Nd4 32. Bxd4 exd4 33. Rxd4 e5 34. Rd6 Rc1 35. Rbd2 Qf8 36. Bd1 Qf7 37. R6d3 Qc4 38. Nd6 Qb4 39. Nf5 Nxe4 40. fxe4 Qxe4+ 41. Rf3 Rxd1 42. Rxd1 Qe2+ 43. Rf2 Qxd1 0-1

[Event "*** Titled Tuesday Blitz"]
[Site "Chess.com"]
[Date "2021.03.02"]
[Round "5"]
[White "Szparu"]
[Black "XanoushX_X"]
[Result "1-0"]
[WhiteElo "2653"]
[BlackElo "2492"]
[TimeControl "180+1"]
[EndTime "10:54:33 PST"]
[Termination "Szparu won by resignation"]

1. d4 d5 2. c4 c6 3. Nc3 Nf6 4. Nf3 e6 5. Bg5 dxc4 6. e4 b5 7. e5 h6 8. Bh4 g5 9. Nxg5 hxg5 10.
Bxg5 Nbd7 11. exf6 Bb7 12. g3 Qb6 13. Bg2 O-O-O 14. O-O b4 15. Ne4 c5 16. Rc1 Bd5 17. Be3 Qc6 18. f3 cxd4 19. Qxd4 Nb6 20. Ng5 Rd7 21.
a3 bxa3 22. b3 Kb7 23. Rfd1 Rc7 24. bxc4 Bxc4 25. f4 Nd5 26. Rxc4 Qxc4 27. Qxa7+ Kc8 28. Qa8+ Kd7 29. Nxf7 Qb3 30. Ne5+ Kd6 31. Qa6+ 1-0

[Event "*** Titled Tuesday Blitz"]
[Site "Chess.com"]
[Date "2021.03.02"]
[Round "5"]
[White "JQuiroga18"]
[Black "vinniethepooh"]
[Result "0-1"]
[WhiteElo "2435"]
[BlackElo "2702"]
[TimeControl "180+1"]
[EndTime "10:54:33 PST"]
[Termination "vinniethepooh won by resignation"]

1. e4 c5 2. Nf3 d6 3. d4 cxd4 4. Nxd4 Nf6 5. Nc3 a6 6. g3 g6 7. Bg2 Bg7 8. O-O O-O 9. h3 Bd7 10. Be3 Nc6 11. Nd5 Rc8 12. Rc1 Re8 13. c4 e6 14.
Nxf6+ Qxf6 15. Nxc6 Bxc6 16. b3 Red8 17. Qd2 Rd7 18. Rc2 Qe7 19. Rd1 f5 20. exf5 gxf5 21.
Bg5 Qf7 22. Bh6 Bf6 23. Bg5 Bh8 24. Bh6 Qg6 25. Qg5 Bf6 26. Qe3 Bxg2 27. Kxg2 e5 28. Qd2 f4 29. Bxf4 exf4 30. Rc3 Bxc3 31. Qd5+ 0-1

[Event "*** Titled Tuesday Blitz"]
[Site "Chess.com"]
[Date "2021.03.02"]
[Round "5"]
[White "zim0ne"]
[Black "Walter_White_Poland"]
[Result "1-0"]
[WhiteElo "2514"]
[BlackElo "2290"]
[TimeControl "180+1"]
[EndTime "10:54:34 PST"]
[Termination "zim0ne won by checkmate"]

1. Nf3 d5 2. c4 d4 3. b4 f6 4. e3 e5 5. c5 a5 6. Bc4 axb4 7.
Qb3 Nh6 8. exd4 Nc6 9. O-O Nxd4 10. Nxd4 Qxd4 11. Bb2 Qh4 12. Qxb4 Kd8 13. d4 e4 14. Nc3 f5 15. d5 Ng4 16. h3 Ne5 17.
d6 Nf3+ 18. Kh1 cxd6 19. Qb6+ Ke8 20. Bb5+ Kf7 21. Qc7+ Kg6 22. Nd5 f4 23. Bd7 Bxd7 24. Qxd7 dxc5 25. Qe6+ Kh5 26. g4+ fxg3 27. Qg4+ Qxg4 28.
hxg4+ Kxg4 29. Ne3+ Kh5 30. fxg3 Bd6 31. Nf5 Be5 32.
Bxe5 Nxe5 33. Nxg7+ Kg6 34. Ne6 Nd3 35. Nf4+ Kg5 36.
Ne6+ Kg4 37. Nc7 Ra3 38. Nd5 Rd8 39. Nf6+ Kxg3 40. Nxe4+ Kg4 41. Rf7 Kh5 42. Rg1 Ne5 43. Rxh7# 1-0

[Event "*** Titled Tuesday Blitz"]
[Site "Chess.com"]
[Date "2021.03.02"]
[Round "5"]
[White "QuintilianoR"]
[Black "federicosellitti"]
[Result "0-1"]
[WhiteElo "2699"]
[BlackElo "2538"]
[TimeControl "180+1"]
[EndTime "10:54:35 PST"]
[Termination "federicosellitti won by resignation"]

1. d4 d5 2. c4 Nc6 3. Nf3 Bg4 4. cxd5 Qxd5 5. Nc3 Qh5 6. e4 Bxf3 7. gxf3 O-O-O 8.
d5 e6 9. Bd2 exd5 10. Nxd5 Nf6 11. Nxf6 gxf6 12. f4 Qc5 13. Rc1 Qd4 14. Qc2 Bb4 15. Bh3+ Kb8 16. Bxb4 Nxb4 17. Qxc7+ Ka8 18. O-O Rhg8+ 19. Kh1 Nd3 20. Rc2 Qxe4+ 21. f3 Qxf4 22. Qxf4 Nxf4 23. Bf5 Rg5 24. Rc4 Rxf5 0-1

[Event "*** Titled Tuesday Blitz"]
[Site "Chess.com"]
[Date "2021.03.02"]
[Round "5"]
[White "LawrenceTrent"]
[Black "K_A_S_T_O_R"]
[Result "1-0"]
[WhiteElo "2549"]
[BlackElo "2765"]
[TimeControl "180+1"]
[EndTime "10:54:36 PST"]
[Termination "LawrenceTrent won by resignation"]

1. d4 Nf6 2. Bg5 c5 3. d5 Qb6 4. Nc3 d6 5. e4 g6 6. Bb5+ Bd7 7. a4 a6 8. a5 Qc7 9. Be2 Bg7 10. h3 O-O 11. Nf3 b5 12. axb6 Qxb6 13. Qc1 e6 14. O-O exd5 15. exd5 Re8 16. Re1 Ne4 17.
Nxe4 Rxe4 18. c3 Re8 19. Nd2 Qc7 20. Nc4 Bb5 21. Qf4 Bxc4 22. Bxc4 Be5 23. Qh4 Nd7 24. Rxa6 Rxa6 25. Bxa6 Rb8 26. Bc1 Nb6 27. Qe4 c4 28. Bb5 Ra8 29. Bh6 Bg7 30. Qe8+ Bf8 31. Bxf8 Rxe8 32. Rxe8 1-0

[Event "*** Titled Tuesday Blitz"]
[Site "Chess.com"]
[Date "2021.03.02"]
[Round "5"]
[White "DrVelja"]
[Black "As0nchess"]
[Result "0-1"]
[WhiteElo "2828"]
[BlackElo "2622"]
[TimeControl "180+1"]
[EndTime "10:54:37 PST"]
[Termination "As0nchess won on time"]

1. e4 c5 2. Nf3 d6 3. Bb5+ Nc6 4. O-O Bd7 5. Re1 Nf6 6. c3 a6 7. Bf1 Bg4 8. h3 Bxf3 9. Qxf3 e6 10. d3 Be7 11.
Nd2 O-O 12. Qd1 d5 13. e5 Nd7 14. Nf3 b5 15. g3 a5 16. a4 b4 17. Bg2 Rb8 18. h4 Qc7 19. Qe2 bxc3 20. bxc3 Rb3 21. Bd2 Rb2 22. Qe3 Rfb8 23. Qf4 Nf8 24. h5 h6 25. g4 Nh7 26. Qg3 Ng5 27. Nxg5 Rxd2 28.
Nh3 Rb3 29. g5 hxg5 30. Nxg5 Rxc3 31. h6 Bf8 32. Rad1 Rcxd3 33. h7+ Kh8 34. Qf4 Rxd1 35. Nxf7+ Kxh7 36. Qh4+ Kg8 0-1

[Event "*** Titled Tuesday Blitz"]
[Site "Chess.com"]
[Date "2021.03.02"]
[Round "5"]
[White "grunbergmihai"]
[Black "Kapibara_Warri0r"]
[Result "1-0"]
[WhiteElo "2475"]
[BlackElo "2224"]
[TimeControl "180+1"]
[EndTime "10:54:37 PST"]
[Termination "grunbergmihai won on time"]

1. d4 Nf6 2. c4 e6 3. Nf3 Bb4+ 4. Bd2 Bxd2+ 5. Qxd2 c5 6. d5 O-O 7. Nc3 exd5 8.
cxd5 d6 9. e4 Re8 10. Bd3 Bf5 11. Qf4 Bg6 12. O-O Nbd7 13. Rfe1 Rc8 14. Qxd6 c4 15. Bc2 Nc5 16. Qf4 a6 17. Rad1 b5 18. h3 b4 19. Na4 Nxa4 20. Bxa4 Rxe4 21. Rxe4 Bxe4 22. d6 Qa5 23. b3 h6 24. Nd2 Bc2 25. Rc1 cxb3 26. Bxb3 Qf5 27. Qxb4 Bxb3 28. Rxc8+ Qxc8 29. Nxb3 Nd5 30. Qc5 Qe6 31. Nd4 Qe1+ 32. Kh2 Qe5+ 33.
g3 Qe1 34. Nf5 1-0

[Event "*** Titled Tuesday Blitz"]
[Site "Chess.com"]
[Date "2021.03.02"]
[Round "5"]
[White "Sergey85Rodchenkov"]
[Black "bylavochka"]
[Result "1-0"]
[WhiteElo "2473"]
[BlackElo "2189"]
[TimeControl "180+1"]
[EndTime "10:54:37 PST"]
[Termination "Sergey85Rodchenkov won on time"]

1. Nf3 Nf6 2. c4 g6 3. b4 Bg7 4. Bb2 d6 5. d3 Nbd7 6. g3 a5 7. b5 c6 8. a4 O-O 9. Bg2 cxb5 10. axb5 Nc5 11. O-O Bg4 12. h3 Bxf3 13. Bxf3 Qc7 14. Nc3 Rab8 15. Rc1 b6 16. d4 Ncd7 17. Qd3 e5 18.
Nd5 Nxd5 19. cxd5 Qb7 20. Rc6 exd4 21. Bxd4 Bxd4 22. Qxd4 Ne5 23. Rxd6 Nxf3+ 24. exf3 Rfd8 25. Rc6 Rbc8 26. Rd1 Rxc6 27. bxc6 Qc7 28. h4 Rd6 29.
h5 b5 30. h6 f6 31. Qc5 b4 32.
Re1 Kf7 33. Ra1 Qd8 34. Rxa5 1-0

[Event "*** Titled Tuesday Blitz"]
[Site "Chess.com"]
[Date "2021.03.02"]
[Round "5"]
[White "DLR7"]
[Black "ViditYT"]
[Result "1/2-1/2"]
[WhiteElo "2631"]
[BlackElo "2962"]
[TimeControl "180+1"]
[EndTime "10:54:38 PST"]
[Termination "Game drawn by repetition"]

1. e4 c6 2. d4 d5 3. exd5 cxd5 4. c3 Nf6 5. Nf3 Bg4 6. Nbd2 e6 7. Bb5+ Nc6 8. Qa4 Nd7 9. Bxc6 bxc6 10. Qxc6 Rc8 11.
Qa4 Bd6 12. Ne5 Bxe5 13. dxe5 Bf5 14. Nf3 Be4 15. Be3 O-O 16. Bd4 Bxf3 17. gxf3 Qg5 18. Qxd7 Rb8 19. b4 a5 20. a3 axb4 21. axb4 Qf5 22. Rg1 Qxf3 23. Qa4 Qe4+ 24. Kf1 Qd3+ 25. Kg2 h5 26. Rge1 Ra8 27. Qd1 Qg6+ 28. Kh1 Rxa1 29.
Qxa1 Qf5 30. Qb2 Qf3+ 31. Kg1 Qg4+ 32. Kf1 Qh3+ 33. Kg1 Qg4+ 34. Kh1 Qf3+ 35. Kg1 Qg4+ 1/2-1/2

[Event "*** Titled Tuesday Blitz"]
[Site "Chess.com"]
[Date "2021.03.02"]
[Round "5"]
[White "dhaessel"]
[Black "UmarovSabir"]
[Result "0-1"]
[WhiteElo "1954"]
[BlackElo "2313"]
[TimeControl "180+1"]
[EndTime "10:54:38 PST"]
[Termination "UmarovSabir won on time"]

1. d4 g6 2. c4 Bg7 3. e4 c6 4.
Nc3 d6 5. Be2 Qb6 6. Nf3 Bg4 7.
d5 Bxc3+ 8. bxc3 Nf6 9. Qc2 O-O 10. O-O Nbd7 11. Be3 Qc7 12. h3 Bxf3 13. Bxf3 cxd5 14. cxd5 Rfc8 15. Bd4 Ne5 16. Be2 Nc4 17. a4 b6 18. f4 Nd7 19. Rf3 e5 20. dxe6 fxe6 21. f5 gxf5 22. exf5 e5 23. Bf2 Nf6 24. Rg3+ Kh8 25.
Qc1 Ne4 0-1

[Event "*** Titled Tuesday Blitz"]
[Site "Chess.com"]
[Date "2021.03.02"]
[Round "5"]
[White "Sven_Tica"]
[Black "Bodnar_Mykola"]
[Result "1-0"]
[WhiteElo "2666"]
[BlackElo "2489"]
[TimeControl "180+1"]
[EndTime "10:54:39 PST"]
[Termination "Sven_Tica won by resignation"]

1. d4 Nf6 2. c4 g6 3. Nc3 Bg7 4. Bf4 c5 5. d5 O-O 6. e3 d6 7.
Nf3 a6 8. Be2 b5 9. cxb5 axb5 10.
Bxb5 Ne4 11. O-O Bxc3 12. bxc3 Nxc3 13. Qb3 Nxb5 14. Qxb5 Ba6 15. Qb2 Bxf1 16. Bh6 f6 17. Bxf8 Bc4 18. Qb7 Nd7 19. Bxe7 Rb8 20. Bxd8 Rxb7 21.
e4 Bd3 22. Nd2 c4 23. Ba5 Nc5 24. f3 Na4 25. Rc1 Rb2 26. Nxc4 Bxc4 27. Rxc4 Rxa2 28. Bb4 Nb2 29. Rc8+ Kf7 30. Rc7+ Ke8 31. Bxd6 Nd3 32.
h4 Ne1 33. Rxh7 Nxg2 34. h5 Ne1 35. hxg6 Nxf3+ 36. Kf1 Nd2+ 37. Ke1 Nxe4 38. Re7+ 1-0

[Event "*** Titled Tuesday Blitz"]
[Site "Chess.com"]
[Date "2021.03.02"]
[Round "5"]
[White "Synctel"]
[Black "Buryshin_Vasyl"]
[Result "1-0"]
[WhiteElo "2024"]
[BlackElo "2195"]
[TimeControl "180+1"]
[EndTime "10:54:39 PST"]
[Termination "Synctel won on time"]

1. e4 c5 2. Ne2 Nc6 3. Nbc3 d6 4. g3 Nf6 5. Bg2 Bd7 6. O-O g6 7. d3 Bg7 8. h3 O-O 9. Be3 Rc8 10. Qd2 a6 11. f4 Ne8 12. f5 Nc7 13. Bh6 Ne5 14. Bxg7 Kxg7 15. g4 Bc6 16. Nf4 Qd7 17. Ncd5 Nxd5 18.
exd5 Bb5 19. c4 Bxc4 20. dxc4 Nxc4 21. Qc3+ Ne5 22. fxg6 fxg6 23. Ne6+ Kg8 24. Rxf8+ Rxf8 25. Nxf8 Qb5 26. Ne6 Qe2 27. Rf1 1-0

[Event "*** Titled Tuesday Blitz"]
[Site "Chess.com"]
[Date "2021.03.02"]
[Round "5"]
[White "GregShahade"]
[Black "chigorin28"]
[Result "0-1"]
[WhiteElo "2634"]
[BlackElo "2503"]
[TimeControl "180+1"]
[EndTime "10:54:40 PST"]
[Termination "chigorin28 won on time"]

1. e4 c5 2. Nf3 d6 3. d4 cxd4 4. Nxd4 Nf6 5. Nc3 a6 6. Be3 e5 7. Nb3 Be7 8. f3 O-O 9. Qd2 Be6 10. O-O-O b5 11. g4 Nc6 12. Nd5 Re8 13. Bb6 Qc8 14. Nc7 Qb7 15. Nxa8 Rxa8 16. Be3 a5 17. Kb1 a4 18.
Nc1 a3 19. b3 d5 20. g5 d4 21.
gxf6 dxe3 22. Qxe3 Bxf6 23. Nd3 Nd4 24. c3 Bxb3 25. axb3 a2+ 26. Kb2 a1=Q+ 27. Rxa1 Rxa1 28. Bg2 Ra8 29. cxd4 Qa7 30. Rb1 Qa2+ 31. Kc1 Rc8+ 32.
Nc5 exd4 33. Qd3 Rxc5+ 34. Kd1 Rc3 0-1

[Event "*** Titled Tuesday Blitz"]
[Site "Chess.com"]
[Date "2021.03.02"]
[Round "5"]
[White "Angel_Hranitel_37"]
[Black "pavelalexandru07"]
[Result "1-0"]
[WhiteElo "2506"]
[BlackElo "2295"]
[TimeControl "180+1"]
[EndTime "10:54:40 PST"]
[Termination "Angel_Hranitel_37 won by checkmate"]

1. g4 d5 2. g5 c5 3. Bg2 Nc6 4. h4 Bf5 5. d3 h5 6. Bf4 e6 7. Nc3 Nge7 8. Nb5 e5 9. Bd2 a6 10. Nc3 Be6 11. f4 g6 12. Nf3 Bg7 13. fxe5 Nxe5 14. Bf4 Ng4 15. Qd2 O-O 16. O-O b5 17. Rae1 b4 18. Nd1 Qb6 19. c3 bxc3 20. bxc3 Rad8 21.
Nf2 Nxf2 22. Rxf2 Nf5 23. Rff1 Rfe8 24. Rb1 Qa5 25. Rfc1 d4 26. c4 Qxd2 27. Bxd2 Bd7 28. Kf2 Bc6 29. Ne1 Bxg2 30. Nxg2 Re6 31. Nf4 Re5 32. Nd5 Nxh4 33. Bf4 Ree8 34. Rb7 Nf5 35. Rc7 Bf8 36. Rb1 Kg7 37. Rbb7 Nd6 38. Bxd6 Bxd6 39.
Rxf7+ Kh8 40. Rh7+ Kg8 41. Nf6+ Kf8 42. Rbf7# 1-0

[Event "*** Titled Tuesday Blitz"]
[Site "Chess.com"]
[Date "2021.03.02"]
[Round "5"]
[White "Sanyura"]
[Black "tk22h"]
[Result "1/2-1/2"]
[WhiteElo "2588"]
[BlackElo "2357"]
[TimeControl "180+1"]
[EndTime "10:54:40 PST"]
[Termination "Game drawn by agreement"]

1. d4 Nf6 2. Nf3 g6 3. e3 Bg7 4. Be2 O-O 5. O-O d5 6. c4 c6 7.
Nc3 Bg4 8. Bd2 Bxf3 9. Bxf3 dxc4 10. a4 Nbd7 11. Qe2 e5 12. Qxc4 Nb6 13. Qb3 exd4 14.
exd4 Qxd4 15. a5 Qxd2 16. Rfd1 Qg5 17. axb6 axb6 18. Rxa8 Rxa8 19. Qxb6 Nd5 20. Nxd5 cxd5 21. Qxb7 Rd8 22. Bxd5 Qf6 23. Qxf7+ Kh8 24. Qxf6 Bxf6 25. b4 Rb8 26. Rb1 Bd4 27. b5 Bb6 28. Kf1 Kg7 29.
Ke2 Rd8 30. Bc6 Kf6 31. f4 Rd4 32. g3 h5 33. Ra1 Rb4 34. Ra6 Bc5 35. Be4+ Ke7 36.
Bxg6 Rxb5 37. Bxh5 Rb2+ 38. Kf3 Rxh2 39. Bg6 Bd6 40. Be4 Rb2 41. Bd5 Rd2 42. Ke4 Re2+ 43. Kf5 Rd2 44. Ra7+ Kd8 45. Ke6 Bc5 46. Rd7+ Ke8 47.
Bc6 Rxd7 48. Bxd7+ Kf8 49. g4 Kg7 50. f5 Kh6 51. f6 Kg5 52. Ke5 Ba3 53. f7 Kg6 54. Be6 Kg7 55. Bc4 Bf8 56. Ke6 Ba3 57. Kd7 Bb4 58.
Ke8 Ba3 59. Bd3 Bb4 60. g5 Ba3 61. g6 Bb4 62. Bc2 Ba3 1/2-1/2

[Event "*** Titled Tuesday Blitz"]
[Site "Chess.com"]
[Date "2021.03.02"]
[Round "5"]
[White "RamyresCoelho"]
[Black "Kostukov_Alex"]
[Result "0-1"]
[WhiteElo "2054"]
[BlackElo "2326"]
[TimeControl "180+1"]
[EndTime "10:54:41 PST"]
[Termination "Kostukov_Alex won by checkmate"]

1. e4 c5 2. Nf3 g6 3. d4 cxd4 4. Nxd4 Bg7 5. Bc4 Nc6 6. Nxc6 bxc6 7. Qf3 Nf6 8. O-O d5 9. exd5 cxd5 10. Bb5+ Bd7 11.
Bxd7+ Qxd7 12. Nc3 O-O 13. Rd1 Rfd8 14. Bg5 d4 15. Bxf6 Bxf6 16. Ne4 Bg7 17. Ng5 e5 18. Qh3 h6 19. Qxd7 Rxd7 20. Ne4 f5 21. Nc5 Rc7 22. b4 Bf8 23. f4 exf4 24. Rxd4 Rxc5 25. bxc5 Bxc5 26.
Rd1 Rd8 27. c3 Kf7 28. Kf1 Bxd4 29. cxd4 Ke6 30. Kf2 Kd5 31. Kf3 g5 32. h4 Re8 33.
hxg5 hxg5 34. Rd3 Kc4 35. Ra3 Re7 36. Ra4+ Kd3 37. d5 Rd7 38. Ra5 Kc4 39. d6 Rxd6 40. Rxf5 Rd3+ 41. Ke4 Re3# 0-1

[Event "*** Titled Tuesday Blitz"]
[Site "Chess.com"]
[Date "2021.03.02"]
[Round "5"]
[White "volkanyirik"]
[Black "MatyChess1"]
[Result "0-1"]
[WhiteElo "2403"]
[BlackElo "2587"]
[TimeControl "180+1"]
[EndTime "10:54:42 PST"]
[Termination "MatyChess1 won by checkmate"]

1. e4 c5 2. Nc3 Nc6 3. f4 e6 4.
Bc4 Nf6 5. e5 d5 6. exd6 Bxd6 7.
d3 a6 8. a4 Qc7 9. Nge2 b6 10.
O-O Bb7 11. Ng3 Nd4 12. Nce4 Be7 13. c3 Nc6 14. f5 Nxe4 15. dxe4 Ne5 16. Bf4 g5 17.
Bxe5 Qxe5 18. fxe6 fxe6 19. Qh5+ Kd7 20. Rad1+ Kc7 21.
Rf7 Rae8 22. Qh6 Rhf8 23. Qxe6 Qxe6 24. Bxe6 Rxf7 25. Bxf7 Rf8 26. Be6 Bd6 27. Nf5 Be5 28. Rd7+ Kb8 29. Nd6 Bc6 30. Rxh7 Bxd6 31. Bd5 Bxd5 32.
exd5 c4 33. Rd7 Bc5+ 34. Kh1 Rf1# 0-1

[Event "*** Titled Tuesday Blitz"]
[Site "Chess.com"]
[Date "2021.03.02"]
[Round "5"]
[White "superchess02"]
[Black "FMLorneTwitch"]
[Result "1-0"]
[WhiteElo "2781"]
[BlackElo "2425"]
[TimeControl "180+1"]
[EndTime "10:54:43 PST"]
[Termination "superchess02 won by resignation"]

1. e4 c6 2. d4 d5 3. exd5 cxd5 4.
c3 Nc6 5. Bd3 Nf6 6. Bg5 Bg4 7.
Qb3 Qd7 8. Nd2 h6 9. Bh4 e6 10. h3 Bh5 11. g4 Bg6 12. Bxg6 fxg6 13. Ne2 g5 14. Bg3 Bd6 15. Bxd6 Qxd6 16. Qxb7 Rb8 17.
Qxg7 Rf8 18. b3 e5 19. Qxh6 exd4 20. cxd4 Qb4 21. Rc1 Rb6 22. Qxg5 Ne4 23. Qh5+ Ke7 24. Rc2 Nxf2 25. Qg5+ Ke8 26. Qg6+ Kd7 27. Rf1 Nxd4 28. Qh7+ Kd8 29. Qc7+ Ke8 30. Qc8+ Ke7 31. Rc7+ Kd6 32. Qd7+ Ke5 33. Qg7+ Rff6 34. Re7+ Ne6 35. Rxf2 1-0

[Event "*** Titled Tuesday Blitz"]
[Site "Chess.com"]
[Date "2021.03.02"]
[Round "5"]
[White "ErikRonka"]
[Black "pirulillo"]
[Result "0-1"]
[WhiteElo "2461"]
[BlackElo "2264"]
[TimeControl "180+1"]
[EndTime "10:54:43 PST"]
[Termination "pirulillo won by resignation"]

1. e4 c5 2. Nf3 e6 3. g3 Nc6 4. Bg2 Nge7 5. O-O Nd4 6. Nxd4 cxd4 7. c3 Nc6 8. d3 Be7 9. f4 O-O 10. Kh1 d6 11. Nd2 dxc3 12. bxc3 Bd7 13. d4 Rc8 14. e5 d5 15. g4 f5 16. gxf5 Rxf5 17. Bh3 Qf8 18.
Bxf5 Qxf5 19. Qf3 Na5 20. Rg1 g6 21. Nf1 Qe4 22. Qxe4 dxe4 23. Ne3 Rxc3 24. Bd2 Rd3 25. Rgd1 Bc6 26. Kg1 b6 27. Kf2 Bh4+ 28. Ke2 Bb5 29. Bxa5 Rxd4+ 30. Rd3 Bxd3+ 31. Kd2 bxa5 32. Kc3 Rd8 33.
a4 Bf2 34. Nd1 Bd4+ 0-1

[Event "*** Titled Tuesday Blitz"]
[Site "Chess.com"]
[Date "2021.03.02"]
[Round "5"]
[White "NicoChasin"]
[Black "Mazetovic"]
[Result "1-0"]
[WhiteElo "2566"]
[BlackElo "2714"]
[TimeControl "180+1"]
[EndTime "10:54:44 PST"]
[Termination "NicoChasin won by resignation"]

1. d4 Nf6 2. c4 g6 3. Nc3 Bg7 4. e4 d6 5. Nf3 O-O 6. Be2 Na6 7.
O-O e5 8. Be3 c6 9. d5 Ng4 10.
Bg5 f6 11. Bh4 c5 12. Ne1 h5 13. Nc2 Nh6 14. f3 Nf7 15. a3 Bh6 16. b4 b6 17.
Kh1 Bd7 18. Rb1 Bg5 19. Bxg5 Nxg5 20. f4 exf4 21. Rxf4 Nf7 22. Qf1 Ne5 23. h4 Kg7 24. Ne3 Qe7 25. Qf2 Rae8 26. Rf1 Rf7 27. Qg3 Kh7 28. Nb5 Rg8 29. Nxa7 cxb4 30. c5 Nxc5 31. axb4 Nb3 32. Nc6 Nxc6 33. dxc6 Bxc6 34. Bc4 Nd2 35. Bxf7 Qxf7 36. Rxf6 Qe8 37. Rf7+ Rg7 38. Rxg7+ Kxg7 39. Nf5+ Kh7 40. Qc3 gxf5 41. Qxd2 Qxe4 42. Rf4 Qe5 43. Kh2 Be4 44. Qf2 d5 45. Qg3 Qf6 46. Rf1 d4 47. Rc1 Qg7 48. Rc7 1-0

[Event "*** Titled Tuesday Blitz"]
[Site "Chess.com"]
[Date "2021.03.02"]
[Round "5"]
[White "Gurvich_Vitaly"]
[Black "ShimanovAlex"]
[Result "0-1"]
[WhiteElo "2586"]
[BlackElo "2807"]
[TimeControl "180+1"]
[EndTime "10:54:46 PST"]
[Termination "ShimanovAlex won by resignation"]

1. e4 b6 2. d4 Bb7 3. Bd3 e6 4. Nf3 c5 5. Nc3 Nf6 6. Qe2 cxd4 7. Nxd4 Bc5 8. Nb3 Be7 9. O-O d6 10. f4 O-O 11. Rf3 Nbd7 12. Rh3 g6 13. Be3 d5 14. e5 Ne4 15. Nxe4 dxe4 16. Ba6 Bxa6 17. Qxa6 Qc7 18. c3 Nc5 19. Qc4 Rac8 20. Nxc5 Bxc5 21. Bxc5 Qxc5+ 22. Qxc5 Rxc5 23. Rd1 Rb5 24. b3 Rd5 25. Rxd5 exd5 26. Kf2 Rc8 27. Ke2 h5 28.
Kd2 b5 29. Re3 Kf8 30. g3 Ke7 31. h3 Ke6 32. Re1 Kf5 33. Rf1 a5 34. a3 Rc7 35.
Rf2 e3+ 36. Kxe3 Rxc3+ 37. Kd4 Rxb3 38. g4+ hxg4 39. hxg4+ Kxg4 40. Kxd5 Rxa3 41. Kd6 Rc3 42. Ra2 a4 43. Ke7 Rc7+ 44. Kf6 Kxf4 45. Re2 a3 0-1

[Event "*** Titled Tuesday Blitz"]
[Site "Chess.com"]
[Date "2021.03.02"]
[Round "5"]
[White "Lagmantr"]
[Black "GOGIEFF"]
[Result "1-0"]
[WhiteElo "2757"]
[BlackElo "2890"]
[TimeControl "180+1"]
[EndTime "10:54:47 PST"]
[Termination "Lagmantr won by resignation"]

1. e4 c5 2. Nf3 Nc6 3. d4 cxd4 4.
Nxd4 Qb6 5. Nb3 e6 6. c4 Nf6 7. Nc3 Bb4 8. Bd3 O-O 9. O-O Bxc3 10. bxc3 Ne5 11. c5 Qc6 12. Ba3 Nxd3 13. Qxd3 Qxe4 14. Qg3 Qg6 15. Qf3 Qg4 16. Qd3 Re8 17. h3 Qa4 18. Bb2 b6 19. cxb6 Ba6 20. c4 Bxc4 21. Qg3 e5 22. b7 Rad8 23. Bxe5 Nh5 24. Qh4 Bxb3 25. Qxh5 Qb5 26. Rfe1 Bc2 27. Qg5 f6 28. Bxf6 Qxg5 29. Bxg5 Rxe1+ 30. Rxe1 Rb8 31. Rc1 Rxb7 32. Rxc2 Kf7 33.
Be3 Ke6 34. Rc4 d6 35. Ra4 d5 36. Rxa7 1-0

[Event "*** Titled Tuesday Blitz"]
[Site "Chess.com"]
[Date "2021.03.02"]
[Round "5"]
[White "Schack-Hugo"]
[Black "mjray79"]
[Result "0-1"]
[WhiteElo "2229"]
[BlackElo "2476"]
[TimeControl "180+1"]
[EndTime "10:54:47 PST"]
[Termination "mjray79 won on time"]

1. e4 e5 2. Nf3 Nc6 3. Bc4 Bc5 4. c3 Nf6 5. d3 O-O 6. Bg5 Be7 7. O-O d6 8. Nbd2 Be6 9. Re1 Nd7 10. Bxe7 Qxe7 11.
d4 Bxc4 12. Nxc4 Qf6 13. Ne3 Rae8 14. Nd5 Qd8 15. Qb3 exd4 16. cxd4 Nb6 17. Nxb6 axb6 18. Qc3 d5 19. e5 Re6 20. Qd2 Rg6 21. Rad1 Qd7 22.
Kh1 Re8 23. h3 Ne7 24. Qf4 Nf5 25. g4 Ne7 26. Nh4 Rh6 27. Nf5 Rxh3+ 28. Kg2 Ng6 29. Qd2 Nh4+ 0-1

[Event "*** Titled Tuesday Blitz"]
[Site "Chess.com"]
[Date "2021.03.02"]
[Round "5"]
[White "j2806"]
[Black "Vasily85"]
[Result "0-1"]
[WhiteElo "2093"]
[BlackElo "2468"]
[TimeControl "180+1"]
[EndTime "10:54:47 PST"]
[Termination "Vasily85 won by resignation"]

1. e4 c5 2. Nf3 e6 3. d4 cxd4 4.
Nxd4 Nc6 5. Nc3 Qc7 6. Be3 a6 7. Qd2 Nf6 8. f3 Ne5 9. O-O-O Bb4 10. Nde2 Nc4 11. Qd3 Nxe3 12. Qxe3 Bc5 13. Qd2 O-O 14. g4 b5 15. Nd4 Bb7 16. h4 b4 17. Nce2 d5 18. exd5 Nxd5 19. Bg2 Rfd8 20. Nb3 Ne3 21. Ned4 Nxd1 22. Rxd1 a5 23. Nxc5 Qxc5 24. f4 Bxg2 25. Qxg2 Rac8 26. Nb3 Qe3+ 27. Nd2 Qxf4 28. h5 h6 29. Qe2 a4 30. Qb5 a3 31. b3 Qd4 0-1

[Event "*** Titled Tuesday Blitz"]
[Site "Chess.com"]
[Date "2021.03.02"]
[Round "5"]
[White "ChessFighter1975"]
[Black "GM_LOADING"]
[Result "0-1"]
[WhiteElo "2345"]
[BlackElo "2529"]
[TimeControl "180+1"]
[EndTime "10:54:49 PST"]
[Termination "GM_LOADING won by resignation"]

1. d4 Nf6 2. c4 e6 3. Bg5 Bb4+ 4.
Nd2 Nc6 5. Nf3 d6 6. a3 Bxd2+ 7. Qxd2 h6 8. Bh4 Qe7 9. e3 e5 10. d5 Nb8 11. Qc2 a5 12. b3 Na6 13. e4 Bg4 14. Nd2 g5 15. Bg3 Bh5 16. f3 Bg6 17. Bf2 Nh5 18. g3 Nf6 19. Be2 Nc5 20. Rb1 g4 21. b4 gxf3 22. Bxf3 Ncd7 23. O-O h5 24. Qc3 h4 25. g4 h3 26. c5 Nh7 27. cxd6 cxd6 28. Kh1 Ng5 29. Qe3 Nxf3 30. Qxf3 Nf6 31. Rfc1 axb4 32. Rxb4 Nh7 33. Rbc4 O-O 34. Rc7 Qf6 35.
Qxf6 Nxf6 36. R1c3 Nxe4 37. Nxe4 Bxe4+ 38. Kg1 Bxd5 39. Rxh3 Rfc8 40. Rxc8+ Rxc8 41. Be1 Rc1 42. Re3 e4 43. Kf2 Bc6 44. Kg3 d5 45. Bc3 Rd1 46. Bf6 d4 47. Re2 e3 48. Bxd4 Rxd4 49. Rxe3 Kg7 50.
h4 Bd7 51. g5 Rg4+ 0-1